AoeStats
← miguelon01

Hill Fort

506963967Analyzed
4v4 RM · 16d ago on Sep 16, 2026· 41m 23s· 8 players
Game mode
Random Map
Map size
Large (8 player)
Population
200
Speed
Normal
Resources
Standard
Victory
Conquest
Starting age
Dark Age
Ending age
Imperial Age
RankedLock teamsTeams togetherTeam positionsShared explorationLock speedFull tech treeHidden civsTurbo modeCheats
Victory
Defeat
🇺🇸 Teutons · United States
1269
+11
🇺🇸 Jurchens · United States
1191
+14
🇧🇷 Chinese · Brazil
1170
+15
🇮🇹 Inca · Italy
1145
+16
🇺🇸 Magyars · United States
1191
-16
🇺🇸 Tatars · United States
1148
-14
🇨🇱 Lithuanians · Chile
1140
-14
🇺🇸 Mongols · United States
1112
-12
GoldiLocks
11:50 Feudal Age
13:06 Loom
15:04 Double-Bit Axe
16:02 Horse Collar
19:08 Wheelbarrow
21:40 Castle Age
19:50 Fletching
20:37 Padded Archer Armor
20:43 Gold Mining
23:25 Bodkin Arrow
24:03 Thumb Ring
24:21 Elite Skirmisher
28:50 Leather Archer Armor
33:00 Bow Saw
36:58 Ballistics
39:49 Imperial Age
40:38 Bracer
41:06 Siege Engineers
Heh
1:22 Loom
10:56 Feudal Age
17:42 Castle Age
15:54 Horse Collar
16:30 Double-Bit Axe
18:21 Wheelbarrow
19:17 Heavy Plow
20:19 Bow Saw
20:31 Stone Mining
21:43 Gold Mining
24:32 Bloodlines
25:20 Hand Cart
25:58 Husbandry
28:09 Scale Barding Armor
30:24 Forging
33:26 Chain Barding Armor
33:41 Iron Casting
36:24 Imperial Age
35:54 Gold Shaft Mining
36:51 Silk Armor
38:04 Padded Archer Armor
37:54 Fletching
38:58 Plate Barding Armor
39:58 Elite Keshik
40:59 Conscription
MrDuffyMcDuff
0:29 Loom
9:00 Feudal Age
9:53 Double-Bit Axe
11:13 Stone Mining
19:25 Castle Age
17:19 Horse Collar
20:33 Heavy Plow
20:45 Bow Saw
20:29 Gold Mining
21:19 Stone Shaft Mining
21:59 Wheelbarrow
23:44 Gold Shaft Mining
25:38 Hand Cart
27:05 Fletching
27:16 Padded Archer Armor
28:35 Bodkin Arrow
28:55 Leather Archer Armor
31:29 Ballistics
31:57 Thumb Ring
37:21 Imperial Age
37:11 Forging
37:07 Scale Barding Armor
37:46 Bloodlines
37:37 Husbandry
37:58 Heavy Camel Rider
38:47 Bracer
41:15 Chemistry
40:53 Iron Casting
40:39 Chain Barding Armor
Ricardo
3:14 Loom
10:35 Feudal Age
11:23 Horse Collar
11:31 Double-Bit Axe
18:23 Castle Age
18:08 Fletching
19:25 Bodkin Arrow
21:43 Heavy Plow
25:34 Scale Barding Armor
25:39 Forging
28:34 Wheelbarrow
32:41 Hand Cart
32:48 Chain Barding Armor
36:57 Imperial Age
35:46 Iron Casting
35:18 Town Watch
37:47 Bloodlines
37:40 Husbandry
37:55 Elite Leitis
38:44 Gold Mining
38:20 Light Cavalry
40:28 Chemistry
39:07 Pikeman
39:47 Squires
39:46 Halberdier
dong
6:28 Loom
11:40 Feudal Age
12:11 Double-Bit Axe
12:09 Horse Collar
20:32 Castle Age
18:38 Gold Mining
19:42 Bloodlines
19:31 Stone Mining
19:39 Fletching
21:24 Bow Saw
21:16 Heavy Plow
22:04 Scale Barding Armor
23:23 Forging
24:51 Chain Barding Armor
33:04 Imperial Age
32:16 Wheelbarrow
32:15 Bodkin Arrow
34:17 Crenellations
34:37 Masonry
33:52 Cavalier
36:31 Plate Barding Armor
37:49 Conscription
39:03 Iron Casting
39:16 Paladin
41:24 Scale Mail Armor
一杯茶
10:27 Feudal Age
11:48 Double-Bit Axe
15:34 Castle Age
15:37 Scale Mail Armor
16:23 Horse Collar
21:50 Forging
24:48 Wheelbarrow
24:52 Bloodlines
31:08 Husbandry
34:01 Imperial Age
32:44 Iron Casting
34:34 Elite Steppe Lancer
35:37 Scale Barding Armor
38:04 Chain Barding Armor
38:45 Blast Furnace
38:15 Conscription
Tikka Masala
10:04 Feudal Age
10:22 Champi Runner
16:36 Loom
20:55 Castle Age
20:08 Town Watch
22:20 Town Patrol
22:22 Champi Warrior
22:49 Double-Bit Axe
24:17 Wheelbarrow
25:03 Squires
27:32 Arson
30:43 Forging
32:43 Iron Casting
32:08 Scale Mail Armor
32:27 Hand Cart
34:34 Pikeman
38:52 Imperial Age
36:41 Bow Saw
36:22 Gold Mining
36:13 Horse Collar
38:27 Chain Mail Armor
38:55 Halberdier
40:07 Plate Mail Armor
41:04 Ballistics
40:35 Fletching
41:56 Bodkin Arrow
miguelon01
0:56 Loom
10:01 Feudal Age
12:34 Wheelbarrow
18:37 Castle Age
16:43 Stone Mining
17:18 Double-Bit Axe
17:56 Horse Collar
19:06 Gold Mining
20:30 Fletching
22:27 Bodkin Arrow
24:53 Padded Archer Armor
26:45 Leather Archer Armor
26:45 Bow Saw
26:37 Heavy Plow
29:19 Ballistics
31:05 Murder Holes
34:05 Imperial Age
32:15 Gold Shaft Mining
33:04 Forging
33:16 Scale Mail Armor
36:53 Imperial Age
34:40 Squires
34:49 Scale Mail Armor
35:08 Pikeman
35:34 Arson
36:11 Chain Mail Armor
36:10 Masonry
40:33 Halberdier
Connection lost

Rejoining the realm…

Still unreachable

The connection could not be restored.

Session expired

The server has moved on; the page needs a fresh start.